Map: Orbital Shipyard

Players

SilverStar

  • Race: Terran Terran
  • League: Master

ILLBdA - Winner!

  • Race: Protoss Protoss
  • League: Diamond

VOD

Have the link to the VOD?

Description

Time

  • Played on: Dec. 15, 2015, 10:52 p.m.
  • Length: 3:59
Show
View Real Time Build Order
Export as new Build Order

SilverStar Terran 

Build Orders: Reaper Expand 

Get SALT Encoding   

  12  0:00  SCV  
  13  0:13  SCV  
  14  0:17  Supply Depot  
  14  0:25  SCV  
  15  0:35  Refinery  
  15  0:39  SCV  
  16  0:44  Barracks  
  16  0:51  SCV  
  17  1:03  SCV  
  18  1:15  SCV  
  19  1:31  Orbital Command  
  19  1:32  Reaper  
  20  1:44  Command Center  
  20  2:07  Marine  
  20  2:08  Bunker  
  21  2:15  SCV  
  21  2:23  Supply Depot  
  21  2:25  Marine  
  22  2:33  SCV  
  22  2:35  Bunker  
  22  2:43  Marine  
  23  2:47  SCV  
  24  3:00  Marine  
  23  3:09  Factory  
  23  3:11  Factory  
  23  3:13  SCV  
  23  3:16  Orbital Command  
  23  3:18  Marine  
  25  3:28  Bunker  
  23  3:36  Marine  
  20  3:42  SCV  
  20  3:46  SCV  
Show
View Real Time Build Order
Export as new Build Order

ILLBdA Protoss - Winner!

Build Orders:  

Get SALT Encoding   

  12  0:00  Probe (Chrono Boost)  
  13  0:11  Probe (Chrono Boost)  
  14  0:18  Pylon  
  14  0:22  Probe (Chrono Boost)  
  15  0:36  Probe (Chrono Boost)  
  15  0:40  Pylon  
  16  0:58  Gateway  
  16  0:59  Gateway  
  16  1:03  Assimilator  
  16  1:13  Gateway  
  16  1:19  Probe (Chrono Boost)  
  17  1:29  Probe (Chrono Boost)  
  18  1:40  Probe (Chrono Boost)  
  23  1:47  Cybernetics Core, Zealot (Chrono Boost)  
  23  1:50  Zealot (Chrono Boost)  
  23  1:54  Pylon  
  23  2:06  Pylon  
  25  2:11  Zealot (Chrono Boost)  
  24  2:20  Zealot (Chrono Boost)  
  26  2:25  Stalker (Chrono Boost)  
  28  2:39  Stalker (Chrono Boost)  
  30  2:47  Stalker (Chrono Boost)  
  30  2:58  Stalker (Chrono Boost)  
  28  3:17  Adept (Chrono Boost)  
  32  3:23  Adept (Chrono Boost)  
  32  3:31  Adept (Chrono Boost)  
Tags
 
Add a new tag
Caveats
  • Supply blocks, unpowered buildings, or Contaminate may cause inaccurate times.
  • Supply counts are checked every 10 seconds.